 Dungeon Crawl Stone Soup version 0.31-a0-963-ga325b2283a (webtiles) character file.

Game seed: 12618270878400598891

308 Maxmaps the Changeling (level 6, -2/38 HPs)
             Began as an Octopode Shapeshifter on Oct 25, 2023.
             Slain by an orc priest
             ... wielding a +3 whip
              (8 damage)
             ... on level 4 of the Dungeon.
             The game lasted 00:02:22 (2327 turns).

Maxmaps the Changeling (Octopode Shapeshifter)      Turns: 2327, Time: 00:02:22

Health: -2/38      AC:  1    Str: 14    XL:     6   Next: 40%
Magic:  6/6        EV: 13    Int: 14    God:
Gold:   130        SH:  0    Dex: 11    Spells: 5/5 levels left

rFire   . .          .
                       - Unarmed
rCold   . . .        (no shield)
rNeg    . . .        (helmet currently unavailable)
rPois   .            (no amulet)
rElec   .            (no ring)
rCorr   .            (no ring)
SInv    .            (no ring)
Will    .....        (no ring)
Stlth   ++           (no ring)
HPRegen 0.26/turn    (no ring)
MPRegen 0.10/turn    (no ring)
                     (no ring)

%: no passive effects
@: beast-form
A: beast (slay +3), almost no armour, amphibious, 8 rings, camouflage 1,
gelatinous body 1, (nimble swimmer 1), tentacles
a: Begin Untransformation


You were on level 4 of the Dungeon.
You were a hulking beast.
You visited 1 branch of the dungeon, and saw 4 of its levels.

You collected 130 gold pieces.

Inventory:

Jewellery
 g - a ring of ice
Talismans
 b - a beast talisman
 c - a flux talisman
Scrolls
 d - 3 scrolls of teleportation
Potions
 a - a potion of invisibility
 e - 4 potions of curing
 i - a potion of lignification
 k - a potion of might {unknown}


   Skills:
 - Level 1.0 Fighting
 - Level 2.0 Dodging
 - Level 3.0 Unarmed Combat
 + Level 6.5 Shapeshifting


You had 5 spell levels left.
You didn't know any spells.
Your spell library contained the following spells:

 Spells                   Type           Power      Damage    Failure   Level
 Cigotuvi's Dreadful Rot  Necr/Pois/Air  0%         N/A       41%         2
 Brom's Barrelling Bould  Conj/Erth      0%         2d3       96%         4
 Dispel Undead            Necr           0%         3d6       96%         4
 Fireball                 Conj/Fire      0%         3d3       100%        5
 Iskenderun's Battlesphe  Conj           0%         2d6       100%        5
 Conjure Ball Lightning   Conj/Air       0%         3x3d6     100%        6
 Death Channel            Necr           0%         N/A       100%        6
 Orb of Destruction       Conj           0%         9d5       100%        7


Dungeon Overview and Level Annotations

Branches:
Dungeon (4/15)
 Temple: D:4-7

Altars:
Qazlal


Innate Abilities, Weirdness & Mutations

You are a hulking beast.
Your limbs bulge with bestial killing power. (Slay +3)
You cannot wear most types of armour.
You are amphibious.
You can wear up to eight rings at the same time.
Your skin changes colour to match your surroundings (Stealth+).
Your rubbery body absorbs attacks. (AC +1, EV +1)
((You are camouflaged when in or above water. (Stealth+)))
You have tentacles for arms and can constrict up to eight enemies at once.


Message History

You kill the orc!
The orc hits you with a +0 hand axe.
An orc priest comes into view. It is wielding a +3 whip.
You tentacle-slap the orc. Your grab misses the orc. You squeeze the orc.
You kill the orc!
You barely miss the orc wizard. Your grab misses the orc wizard.
You tentacle-slap the orc wizard. You squeeze the orc wizard.
The orc wizard is heavily wounded.
The orc wizard gestures at you while chanting.
The puff of flame hits you!
You tentacle-slap the orc wizard. Your grab misses the orc wizard.
The orc wizard is heavily wounded.
The orc wizard misses you.
You tentacle-slap the orc wizard. Your grab misses the orc wizard.
Your tentacle-slap misses the orc wizard.
Your squeeze misses the orc wizard.
The orc wizard is almost dead.
The orc wizard points at you and mumbles some strange words.
The magic dart hits you!
You are too injured to fight recklessly!
You are too injured to fight recklessly!
You are too injured to fight recklessly!
You are too injured to fight recklessly!
You tentacle-slap the orc wizard.
You kill the orc wizard!
You closely miss the orc. Your grab misses the orc. You squeeze the orc.
The orc is almost dead.
The orc barely misses you.
You closely miss the orc. You grab the orc. You squeeze the orc.
You kill the orc!
The orc priest mumbles some strange prayers to Beogh against you.
You barely resist.
The orc priest invokes the aid of Beogh against you.
Pain shoots through your body!
* * * LOW HITPOINT WARNING * * *
Items here: ))) [[[ ††.
You bludgeon the orc priest! You grab the orc priest.
The orc priest is severely wounded.
You constrict the orc priest. The orc priest hits you with a +3 whip!
You die...

#. #.# #.# #.# # #.#
#.#.# # #.# #.#.###.#
#.# #..).ho.# #.#
###.##### #.#
#####.##### ####.#
#.........# ##.##.#
#.###.##..#
##...#.###.###.#...##
......................
##...#.###.###...#.###
##.##.# #.# ###...#


You could see an orc priest.

Vanquished Creatures
  A water moccasin skeleton (D:3)
  Jessica (D:2)
  An orc wizard (D:4)
  Natasha (D:2)
  A scorpion zombie (D:3)
  2 hound zombies (D:3)
  A hound skeleton (D:3)
  Robin (D:2)
  An adder (D:2)
  A shadow imp (D:4)
  3 worms (D:2)
  A dart slug (D:2)
  3 orcs (D:4)
  4 bats
  9 endoplasms
  5 giant cockroaches
  9 goblins
  12 hobgoblins
  4 jackals (D:2)
  2 quokkas
  3 ball pythons (D:1)
  2 ball python skeletons (D:3)
  4 frilled lizards
  3 kobolds (D:1)
  2 quokka skeletons (D:3)
  5 rats
82 creatures vanquished.

Notes
Turn   | Place    | Note
-------+----------+-------------------------------------------
     0 | D:1      | Maxmaps the Octopode Shapeshifter began the quest for the
                  | Orb.
     0 | D:1      | Reached XP level 1. HP: 13/13 MP: 1/1
    78 | D:1      | Reached XP level 2. HP: 15/18 MP: 2/2
   700 | D:2      | Reached XP level 3. HP: 23/23 MP: 3/3
   706 | D:2      | Reached skill level 4 in Shapeshifting
   861 | D:2      | Noticed Jessica
   863 | D:2      | Killed Jessica
   864 | D:2      | Reached XP level 4. HP: 28/28 MP: 4/4
   987 | D:2      | Noticed Natasha
   997 | D:2      | Killed Natasha
   998 | D:2      | Reached skill level 5 in Shapeshifting
  1071 | D:2      | Noticed Robin
  1082 | D:2      | Killed Robin
  1089 | D:2      | Reached XP level 5. HP: 16/33 MP: 5/5
  1766 | D:3      | Reached skill level 6 in Shapeshifting
  1766 | D:3      | Reached XP level 6. HP: 31/38 MP: 6/6
  1911 | D:3      | Found a stormy altar of Qazlal.
  2327 | D:4      | Slain by an orc priest

Illustrated notes

Levels and vault maps discovered:
D:1:      zaba_arrival_water, layout_loops_ring
D:2:      layout_basic, uniq_natasha, uniq_jessica, uniq_robin
D:3:      layout_loops_ring, mainiacjoe_overflow_catwalk, serial_undead,
          serial_undead_a, serial_undead_a, serial_undead_f, serial_undead_f
D:4:      layout_loops_corners, nzn_hepliaklqana_mist_gate,
          mainiacjoe_ossuary_entry_find_the_door

Skill      XL: |  1  2  3  4  5 |
---------------+----------------+-----
Shapeshifting  | 4 5 6 |  6.5
Fighting       | |  1.0
Dodging        | |  2.0
Unarmed Combat | |  3.0

Action                     |  1- 3 |  4- 6 || total
---------------------------+-------+-------++-------
  Melee: Unarmed           |    69 |   107 ||   176
         Constrict         |    20 |    20 ||    40
         Tentacles         |     8 |    24 ||    32
         Punch             |     3 |     3 ||     6
    Use: Potion            |       |     1 ||     1
         Scroll            |       |     5 ||     5
   Stab: Sleeping          |    13 |     6 ||    19
 Armour: Skin              |    18 |    55 ||    73
  Dodge: Dodged            |    38 |    30 ||    68

Table legend: (Time is in decaauts)
 A = Elapsed time spent in this place.
 B = Non-inter-level travel time spent in this place.
 C = Inter-level travel time spent in this place.
 D = Time resting spent in this place.
 E = Time spent auto-exploring this place.
 F = Levels seen in this place.
 G = Mean time per level.
                   A        B        C        D        E       F      G
               +--------+--------+--------+--------+--------+-----+--------+
         Total |   2316 |   2217 |     99 |     62 |   1717 |   4 |  579.0 |
       Dungeon |   2316 |   2217 |     99 |     62 |   1717 |   4 |  579.0 |
               +--------+--------+--------+--------+--------+-----+--------+

Top non-repeatable levels by time:
     D:2: 815 daAuts
     D:3: 758 daAuts
     D:1: 669 daAuts
     D:4: 73 daAuts
